 Dungeon Crawl Stone Soup version 0.28.0-43-g3370ac3207 (webtiles) character file.

Game seed: 15940940678897011190

355 Peloso the Covered (level 6, -1/55 HPs)
             Began as a Minotaur Fighter on Mar 19, 2022.
             Splashed by a jelly's acid (9 damage)
             ... on level 4 of the Dungeon.
             The game lasted 00:03:00 (3472 turns).

Peloso the Covered (Minotaur Fighter)               Turns: 3472, Time: 00:03:02

Health: -1/55      AC: -8    Str: 21    XL:     6   Next: 36%
Magic:  5/5        EV: 10    Int:  5    God:
Gold:   188        SH:  5    Dex: 11    Spells: 5/5 levels left

rFire   . . .      SeeInvis .   a - +0 long sword
rCold   . . .      Faith    .   c - +0 buckler
rNeg    . . .      Spirit   .   b - +0 scale mail
rPois   .          Reflect  .   (helmet restricted)
rElec   .          Harm     .   (no cloak)
rCorr   .          Rampage  .   (no gloves)
Will    .....                   (no boots)
Stlth   ..........              (no amulet)
HPRegen 0.18/turn               (no ring)
MPRegen 0.09/turn               (no ring)

@: corroded
A: horns 2, retaliatory headbutt
a: no special abilities


You were on level 4 of the Dungeon.
You visited 1 branch of the dungeon, and saw 4 of its levels.

You collected 188 gold pieces.

Inventory:

Hand Weapons
 a - a +0 long sword (weapon)
Armour
 b - a +0 scale mail (worn)
 c - a +0 buckler (worn)
Scrolls
 i - a scroll of noise {unknown}
 k - 2 scrolls of enchant armour {unknown}
 l - a scroll of fear {unknown}
 m - a scroll of enchant weapon {unknown}
 n - a scroll of identify
Potions
 d - 3 potions of might
 e - a potion of brilliance
 f - a potion of attraction {unknown}
 g - a potion of heal wounds
 h - 2 potions of haste
 j - 2 potions of flight


   Skills:
 + Level 4.8 Fighting
 + Level 5.0 Long Blades
 + Level 5.5 Armour
 + Level 1.6 Dodging
 + Level 0.8 Stealth
 + Level 4.4 Shields


You had 5 spell levels left.
You didn't know any spells.
Your spell library contained the following spells:

 Spells                   Type           Power      Damage    Failure   Level
 Call Canine Familiar     Summ           0%         N/A       99%         3
 Portal Projectile        Hex/Tloc       0%         N/A       99%         3
 Leda's Liquefaction      Hex/Erth       0%         N/A       100%        4


Dungeon Overview and Level Annotations

Branches:
Dungeon (4/15)
 Temple: D:4-7

Altars:
Hepliaklqana
Makhleb

Shops:
D:2 :


Innate Abilities, Weirdness & Mutations

You have a pair of horns on your head.
You reflexively headbutt those who attack you in melee.


Message History

A jelly comes into view.
Found a stone staircase leading up.
A goblin comes into view. It is wielding a +0 club.
A howler monkey comes into view.
Found a manual of Invocations.
A gnoll shaman comes into view. It is wielding a +0 whip.
The gnoll shaman shouts!
An orc comes into view. It is wielding a +0 club.
A quokka comes into view.
The orc hits you with a +1 short sword of speed.
The orc shouts!
You slash the orc!
You kill the orc!
The howler monkey hoots and howls with incredible vigour!
The goblin hits you but does no damage.
There is an open door here.
You hit the jelly. The acid corrodes you!
Your hands burn!
You headbutt the jelly.
The jelly is heavily wounded.
The jelly closely misses you.
You slash the jelly! The acid corrodes you!
Your hands burn!
The jelly is almost dead.
The jelly hits you. The acid corrodes you!
You are splashed with acid!
The howler monkey hoots and howls with incredible vigour!
The jelly hits you. The acid corrodes you!
You are splashed with acid!
You hit the jelly but do no damage. The acid corrodes you!
Your hands burn!
You headbutt the jelly.
The jelly is almost dead.
The jelly hits you. The acid corrodes you!
You are splashed with acid!
You hit the jelly but do no damage. The acid corrodes you!
Your hands burn!
* * * LOW HITPOINT WARNING * * *
The jelly is almost dead.
You block the jelly's attack.
You hit the jelly but do no damage.
Your hands burn!
* * * LOW HITPOINT WARNING * * *
The jelly is almost dead.
The jelly hits you.
* * * LOW HITPOINT WARNING * * *
You are splashed with acid!
You die...

####.......# .
...........: .#
...........##.#
...<.......#.#..
.........r.#...
........g.#..# ####
#####+#..o.)....###...
#.$...#...........#...
#....@#g......#...#...
#.....Jhg.....+ #...
#.....#o......# #...
#######+#.......# #...
#........#############..
#........#.......#...#..
#........#.......'...#..
#........#.......#...#..
#....)...#.......#...#..


You could see a gnoll shaman, a howler monkey (catching breath), a jelly and an
orc.

Vanquished Creatures
  2 necrophages (D:4)
  A centaur (D:4)
  A centaur zombie (D:4)
  An adder (D:3)
  A dart slug (D:2)
  A worm (D:2)
  4 orcs (D:4)
  7 endoplasms
  4 goblins
  6 hobgoblins
  2 quokkas
  6 ball pythons
  2 bats (D:2)
  2 frilled lizards
  9 kobolds
  6 rats
55 creatures vanquished.

Notes
Turn   | Place    | Note
-------+----------+-------------------------------------------
     0 | D:1      | Peloso the Minotaur Fighter began the quest for the Orb.
     0 | D:1      | Reached XP level 1. HP: 19/19 MP: 0/0
   325 | D:1      | Reached XP level 2. HP: 27/27 MP: 1/1
   884 | D:2      | Found Bocari's Book Shoppe.
  1031 | D:2      | Reached XP level 3. HP: 33/33 MP: 2/2
  1350 | D:2      | You fall into a shaft and drop 2 floors!
  1361 | D:4      | Noticed a necrophage
  1593 | D:3      | Found a burning altar of Makhleb.
  1602 | D:3      | Found a hazy altar of Hepliaklqana.
  1751 | D:3      | Found a faded altar of an unknown god.
  2811 | D:4      | Noticed a necrophage
  2820 | D:4      | Killed a necrophage
  2821 | D:4      | Reached skill level 1 in Dodging
  2821 | D:4      | Reached XP level 4. HP: 29/41 MP: 3/3
  2821 | D:4      | Reached XP level 5. HP: 34/47 MP: 4/4
  3025 | D:4      | Reached skill level 5 in Armour
  3091 | D:4      | Killed a necrophage
  3092 | D:4      | Reached XP level 6. HP: 46/53 MP: 5/5
  3423 | D:4      | Reached skill level 5 in Long Blades
  3472 | D:4      | Splashed by a jelly's acid

Illustrated notes

Levels and vault maps discovered:
D:1:      dpeg_arrival_long_road, layout_basic
D:2:      minmay_door_path, layout_basic, serial_shops, nicolae_shop_stone
D:3:      layout_basic, mainiacjoe_overflow_swirl, ebering_ecumenical_altar_box
D:4:      layout_gridville, minmay_manual_mess

Skill      XL: |  1  2  3  4  5  6 |
---------------+-------------------+-----
Fighting       | 4 |  4.8
Armour         | 4 5 |  5.5
Shields        | 4 |  4.4
Long Blades    | 4 5 |  5.0
Dodging        | 1 |  1.6
Stealth        | |  0.8

Action                   |  1- 3 |  4- 6 || total
-------------------------+-------+-------++-------
Melee: Long sword        |    95 |    25 ||   120
       Headbutt          |    14 |     7 ||    21
  Use: Scroll            |     4 |       ||     4
Armor: Scale mail        |    48 |    14 ||    62
Dodge: Dodged            |    61 |    16 ||    77
Block: Buckler           |    26 |     7 ||    33
